 Dungeon Crawl Stone Soup version 0.17-a0-1970-g7a13dd1 (webtiles) character file.

78 SlimeFever the Insei (level 4, -4/35 HPs)
             Began as a Demonspawn Monk on Oct 4, 2015.
             Slain by Natasha (7 damage)
             ... on level 2 of the Dungeon.
             The game lasted 00:17:24 (1651 turns).

SlimeFever the Insei (Demonspawn Monk)              Turns: 1651, Time: 00:17:24

Health: -4/35      AC:  2    Str: 12    XL:     4   Next: 15%
Magic:  4/4        EV: 13    Int: 11    God:
Gold:   90         SH:  0    Dex: 16    Spells: 0 memorised, 3 levels left

rFire  . . .     SeeInvis .       - Unarmed
rCold  + . .     Clarity  .     a - +0 robe
rNeg   + . .     SustAt   .     (no shield)
rPois  .         Gourm    .     (helmet restricted)
rElec  .         Spirit   .     (no cloak)
rCorr  .         Warding  .     (no gloves)
rMut   .         Stasis   .     (no boots)
MR     .....                    (no amulet)
Stlth  ++........               (no ring)
                                h - ring of positive energy

@: not resistant to hostile enchantments, unstealthy
A: horns 1, cold resistance 1
a: no special abilities


You were on level 2 of the Dungeon.
You were hungry.

You visited 1 branch of the dungeon, and saw 2 of its levels.

You collected 90 gold pieces.

Inventory:

Missiles
 d - 7 javelins (quivered)
 f - 48 arrows
 g - 8 poisoned needles
 j - 50 sling bullets
Armour
 a - a +0 robe (worn)
Jewellery
 h - a ring of positive energy (left hand)
Scrolls
 c - a scroll of remove curse
 e - 3 scrolls of identify
 i - 2 scrolls of noise
Potions
 l - 2 potions of cancellation
 m - a potion of lignification
Comestibles
 b - 2 bread rations
 p - 2 fruits


   Skills:
 + Level 3.1 Fighting
 * Level 3.3 Dodging
 + Level 2.3 Stealth
 * Level 4.4 Unarmed Combat


You had 3 spell levels left.
You didn't know any spells.

Dungeon Overview and Level Annotations

Branches:
Dungeon (2/15)

Altars:
Yredelemnul

Annotations:
D:2 Natasha, Terence


Innate Abilities, Weirdness & Mutations

You have a pair of small horns on your head.
Your flesh is cold resistant.


Message History

Natasha casts a spell.
The crimson imp shouts, "Quit, thou pox-marked elf-skinned dingleberry!"
The crimson imp blinks!
Natasha mumbles some strange words.
Natasha's fingertips start to glow.
The crimson imp misses you.
Found a scroll of teleportation.
Found a spear.
Found a bread ration.
Natasha stares at you and mumbles some strange words.
The magic dart hits you!
* * * LOW HITPOINT WARNING * * *
The crimson imp grins evilly.
The crimson imp blinks!
Natasha mumbles some strange words.
Natasha barely misses you. Natasha closely misses you.
The shadow imp barely misses you. Natasha claws you but does no damage.
Natasha claws you!
You die...

##########. . ......
###### ..?.... # #....#
#........
##.##.##5####........
.#...)..#.h...........
#..%.....#@5@.........#
########..............
.# ###............
####'# #.......####
#.....
#.......#######.....
#........)..........
####.........ยง......
#................
#.......(........


You could see Terence, Natasha, a crimson imp and a shadow imp.

Vanquished Creatures
  Natasha (twice) (D:2)
  2 adders (D:2)
  A ball python (D:1)
  A giant cockroach (D:1)
  4 goblins
  4 hobgoblins
  3 jackals (D:1)
  A kobold (D:1)
  2 bats (D:1)
  4 giant newts (D:1)
  5 rats
29 creatures vanquished.

Notes
Turn   | Place    | Note
--------------------------------------------------------------
     0 | D:1      | SlimeFever the Demonspawn Monk began the quest for the Orb.
     0 | D:1      | Reached XP level 1. HP: 18/18 MP: 1/1
   397 | D:1      | Gained mutation: You have a pair of small horns on your head. [demonic ancestry]
   397 | D:1      | Reached XP level 2. HP: 24/24 MP: 2/2
   475 | D:1      | Reached skill level 4 in Unarmed Combat
  1036 | D:2      | Noticed Natasha
  1041 | D:2      | Reached XP level 3. HP: 18/29 MP: 3/3
  1047 | D:2      | Noticed Terence
  1329 | D:2      | Killed Natasha
  1329 | D:2      | Gained mutation: Your flesh is cold resistant. [demonic ancestry]
  1329 | D:2      | Reached XP level 4. HP: 25/35 MP: 4/4
  1399 | D:2      | Found a basalt altar of Yredelemnul.
  1399 | D:2      | Noticed Natasha
  1410 | D:2      | Killed Natasha
  1575 | D:2      | HP: 1/35 [Terence/mace of holy wrath (11)]
  1627 | D:2      | Noticed Natasha
  1651 | D:2      | Slain by Natasha

Vault maps used:
D:1:      elethiomel_arrival_infinity_welcomes_careful_drivers,
          nrook_loot_triangle
D:2:      first_bread, yredelemnul_altar_generic, uniq_terence, uniq_natasha,
          uniq_sigmund

Action                   |  1- 3 |  4- 6 || total
-------------------------+-------+-------++-------
Melee: Unarmed           |    81 |    12 ||    93
  Use: Scroll            |    11 |     1 ||    12
       Potion            |     1 |       ||     1
 Stab: Sleeping          |     8 |       ||     8
  Eat: Beef jerky        |       |     1 ||     1
